 Dungeon Crawl Stone Soup version 0.27-a0-1123-g2f9bb313c0 (webtiles) character file.

Game seed: 15710479022795724379

695 Zeld the Skirmisher (level 7, -8/50 HPs)
             Began as an Octopode Fighter on May 3, 2021.
             Mangled by a gnoll
             ... wielding a +0 flail
              (14 damage)
             ... on level 6 of the Dungeon.
             The game lasted 00:06:39 (6205 turns).

Zeld the Skirmisher (Octopode Fighter)              Turns: 6205, Time: 00:06:40

Health: -8/50      AC:  1    Str: 17    XL:     7   Next: 64%
Magic:  7/7        EV: 11    Int: 11    God:
Gold:   278        SH: 11    Dex: 11    Spells: 6/6 levels left

rFire    . . .     SeeInvis .   a - +2 war axe
rCold    . . .     Faith    .   b - +2 kite shield
rNeg     . . .     Spirit   .   (helmet restricted)
rPois    .         Reflect  .   (no amulet)
rElec    .         Harm     .   e - ring of wizardry
rCorr    .         Rampage  .   n - ring of flight
Will     .....                  (no ring)
Stlth    ++........             (no ring)
HPRegen  0.16/turn              (no ring)
MPRegen  0.10/turn              (no ring)
                                (no ring)
                                (no ring)

@: brilliant, flying
A: almost no armour, amphibious, 8 rings, camouflage 1, gelatinous body 1,
(nimble swimmer 1), tentacles
a: no special abilities


You were on level 6 of the Dungeon.
You visited 1 branch of the dungeon, and saw 6 of its levels.

You collected 278 gold pieces.

Inventory:

Hand Weapons
 a - a +2 war axe (weapon)
Missiles
 k - 4 poisoned darts (quivered)
Armour
 b - a +2 kite shield (worn)
Jewellery
 e - a ring of wizardry (left tentacle)
 n - a ring of flight (right tentacle)
Wands
 d - a wand of mindburst (14)
 i - a wand of flame (10)
 m - a wand of iceblast (10)
Scrolls
 h - 2 scrolls of teleportation
 l - 2 scrolls of fear
Potions
 c - 2 potions of might
 g - a potion of cancellation
 j - a potion of lignification {unknown}


   Skills:
 - Level 5.1 Fighting
 - Level 4.4 Axes
 * Level 3.6 Throwing
 - Level 3.0 Dodging
 - Level 5.0 Shields


You had 6 spell levels left.
You didn't know any spells.
Your spell library was empty.

Dungeon Overview and Level Annotations

Branches:
Dungeon (6/15)
 Temple: D:4-7

Altars:
Makhleb
Sif Muna
Zin

Shops:
D:2 =   D:3 (

Annotations:
D:4 1 runed translucent door, noodleboyJ's ghost, novice HOMo
D:5 1 runed translucent door, CowFu's ghost, novice MfBe


Innate Abilities, Weirdness & Mutations

You cannot wear most types of armour.
You are amphibious.
You can wear up to eight rings at the same time.
Your skin changes colour to match your surroundings (Stealth+).
Your rubbery body absorbs attacks. (AC +1, EV +1)
((You are camouflaged near water. (Stealth+)))
You have tentacles for arms and can constrict up to eight enemies at once.


Message History

The ufetubus is almost dead.
The ufetubus hits you.
* * * LOW HITPOINT WARNING * * *
The ufetubus misses you. The ufetubus hits you.
* * * LOW HITPOINT WARNING * * *
You block the ufetubus's attack. x3
Okay, then.
As you read the scroll of fear, it crumbles to dust.
You assume a fearsome visage.
The adder looks frightened!
The ufetubus is unaffected.
The gnoll looks frightened!
You block the ufetubus's attack. x2
You closely miss the ufetubus. Your grab misses the ufetubus.
The ufetubus is almost dead.
You block the ufetubus's attack. The ufetubus completely misses you.
The ufetubus hits you.
* * * LOW HITPOINT WARNING * * *
The ufetubus closely misses you.
Press: ? - help, v - describe, . - travel
Here: an ufetubus (almost dead)
The floor.
You closely miss the ufetubus. You grab the ufetubus.
You squeeze the ufetubus, but do no damage.
The ufetubus is almost dead.
You constrict the ufetubus.
You kill the ufetubus!
The gnoll gibbers meaninglessly.
A gnoll is nearby!
A gnoll is nearby!
A worm comes into view.
As you close the large door, it creaks loudly!
It was a potion of brilliance.
You feel clever all of a sudden.
You hit the gnoll but do no damage.
Your attack snaps the gnoll out of its fear.
You grab the gnoll. You constrict the gnoll. You block the gnoll's attack.
You completely miss the gnoll.
You squeeze the gnoll, but do no damage.
The gnoll is moderately wounded.
You constrict the gnoll. The gnoll hits you with a +0 flail!
You die...

####.# .).#.#
##†#.#
.#.#.###########
.#.#........(..###
.#....#####......#
##....# #......#
#..g..# #......#
##....# #....g@#
####.#
#......++w.... g#
#......##....≈ g#
######## ..≈≈ ..#
≈≈ #


You could see a gnoll.

Vanquished Creatures
  A scorpion (D:6)
  A wyvern zombie (D:5)
  The ghost of Mels the Magician, a weakling GnWn (D:3)
  An orc priest (D:4)
  A bullfrog zombie (D:3)
  A centaur zombie (D:3)
  A hound (D:6)
  A centaur skeleton (D:3)
  A gnoll shaman (D:6)
  2 iguanas (D:4)
  3 orc wizards (D:3)
  A hound skeleton (D:4)
  A gnoll (D:6)
  8 adders
  A white imp (D:5)
  An ufetubus (D:6)
  An adder skeleton (D:4)
  4 worms
  4 dart slugs
  8 orcs
  A bat (D:3)
  8 endoplasms
  4 giant cockroaches
  6 goblins
  12 hobgoblins
  5 jackals
  5 quokkas
  8 ball pythons
  4 frilled lizards
  7 kobolds
  A rat (D:2)
104 creatures vanquished.

Notes
Turn   | Place    | Note
-------+----------+-------------------------------------------
     0 | D:1      | Zeld the Octopode Fighter began the quest for the Orb.
     0 | D:1      | Reached XP level 1. HP: 16/16 MP: 1/1
   272 | D:1      | Reached XP level 2. HP: 21/21 MP: 2/2
   425 | D:1      | Found a faded altar of an unknown god.
  1016 | D:1      | Reached XP level 3. HP: 26/26 MP: 3/3
  1709 | D:2      | Found Pupyusk's Jewellery Boutique.
  2188 | D:3      | Found Remuxopih's Antique Weapon Emporium.
  2192 | D:3      | Reached XP level 4. HP: 33/33 MP: 4/4
  2423 | D:3      | Found a burning altar of Makhleb.
  2740 | D:3      | Found a runed translucent gate.
  2740 | D:3      | Found a runed translucent gate.
  2740 | D:3      | Found a runed translucent gate.
  2740 | D:3      | Noticed Mels's ghost (weakling GnWn)
  3200 | D:3      | Found a shimmering blue altar of Sif Muna.
  3207 | D:3      | Reached XP level 5. HP: 37/37 MP: 5/5
  3316 | D:3      | Reached XP level 6. HP: 36/44 MP: 6/6
  3330 | D:3      | Killed Mels's ghost
  4141 | D:4      | Reached skill level 5 in Fighting
  4141 | D:4      | Reached skill level 5 in Shields
  4145 | D:4      | Reached XP level 7. HP: 26/50 MP: 7/7
  4648 | D:4      | Found a glowing silver altar of Zin.
  4915 | D:4      | Found a runed translucent door.
  4916 | D:4      | Noticed noodleboyJ's ghost (novice HOMo)
  4979 | D:4      | Reached skill level 1 in Throwing
  5048 | D:4      | Noticed a two-headed ogre
  5092 | D:5      | Entered Level 5 of the Dungeon
  5351 | D:5      | Found a runed translucent door.
  5356 | D:5      | Noticed CowFu's ghost (novice MfBe)
  6205 | D:6      | Mangled by a gnoll

Illustrated notes

Levels and vault maps discovered:
D:1:      lightli_arrival_lavapool, layout_loops_ring,
          shapermc_ecumenical_altar_mp_highgroup, minmay_tromino_v7
D:2:      layout_loops_ring, serial_shops, shop, kennysheep_generic_room_2
D:3:      layout_loops_ring, bloody_makhleb, kennysheep_orc_sif_temple,
          serial_shops, shop, gammafunk_ghost_necromancy
D:4:      minmay_general_purpose_star, layout_loops_ring, marbit_many_paths,
          ebering_ghost_inner_flame, minmay_crossroads
D:5:      layout_loops_ring, ebering_ghost_sewer_d
D:6:      layout_basic, lightli_sewer_entry_pipes

Skill      XL: |  1  2  3  4  5  6  7 |
---------------+----------------------+-----
Axes           | 3 4 |  4.4
Fighting       | 4 5 |  5.1
Shields        | 4 5 |  5.0
Throwing       | 3 |  3.6
Dodging        | |  3.0

Action                   |  1- 3 |  4- 6 |  7- 9 || total
-------------------------+-------+-------+-------++-------
Melee: War axe           |    55 |   103 |    71 ||   229
       Constrict         |    13 |    23 |    19 ||    55
       Tentacles         |    13 |    23 |    17 ||    53
  Use: Scroll            |     5 |     1 |     6 ||    12
       Potion            |       |       |     2 ||     2
 Stab: Sleeping          |     9 |     2 |     1 ||    12
Armor: Skin              |     2 |     3 |     4 ||     9
Dodge: Dodged            |    18 |    57 |    33 ||   108
Block: Kite shield       |    14 |    67 |    55 ||   136

Table legend: (Time is in decaauts)
 A = Elapsed time spent in this place.
 B = Non-inter-level travel time spent in this place.
 C = Inter-level travel time spent in this place.
 D = Time resting spent in this place.
 E = Time spent auto-exploring this place.
 F = Levels seen in this place.
 G = Mean time per level.
                   A        B        C        D        E       F      G
               +--------+--------+--------+--------+--------+-----+--------+
         Total |   6325 |   6146 |    179 |    656 |   4598 |   6 | 1054.2 |
       Dungeon |   6325 |   6146 |    179 |    656 |   4598 |   6 | 1054.2 |
               +--------+--------+--------+--------+--------+-----+--------+

Top non-repeatable levels by time:
     D:3: 1343 daAuts
     D:4: 1326 daAuts
     D:2: 1304 daAuts
     D:1: 1221 daAuts
     D:5: 854 daAuts
     D:6: 274 daAuts
